AoeStats
← q.sonner

Arabia

509425422Analyzed
1v1 RM · 6d ago on Sep 26, 2026· 49m 11s· 2 players
Game mode
Random Map
Map size
Tiny (2 player)
Population
200
Speed
Normal
Resources
Standard
Victory
Conquest
Starting age
Dark Age
Ending age
Imperial Age
RankedLock teamsTeams togetherTeam positionsShared explorationLock speedFull tech treeHidden civsTurbo modeCheats
Victory
Defeat
🇨🇴 Burgundians · Colombia
555
+14
🇩🇪 Bulgarians · Germany
504
-14
q.sonner
10:50 Feudal Age
13:54 Double-Bit Axe
20:10 Castle Age
22:01 Bow Saw
21:36 Horse Collar
23:52 Heavy Plow
23:54 Pikeman
24:45 Pikeman
25:27 Squires
29:29 Husbandry
30:25 Fervor
33:26 Scale Mail Armor
33:38 Forging
45:55 Redemption
Santypg29
10:39 Feudal Age
11:15 Double-Bit Axe
11:19 Horse Collar
17:58 Castle Age
16:16 Bow Saw
16:27 Gold Mining
17:00 Heavy Plow
18:20 Scale Barding Armor
19:42 Cavalier
22:04 Gold Shaft Mining
22:55 Forging
27:46 Chain Barding Armor
28:03 Iron Casting
39:48 Two-Man Saw
46:14 Imperial Age
46:34 Wheelbarrow
Connection lost

Rejoining the realm…

Still unreachable

The connection could not be restored.

Session expired

The server has moved on; the page needs a fresh start.